 Dungeon Crawl Stone Soup version 0.30-a0-373-gd37427bb62 (webtiles) character file.

Game seed: 8775960428146019172

1363 pokeman the Thaumaturge (level 8, 0/44 HPs)
             Began as a Deep Elf Hedge Wizard on Nov 24, 2022.
             Slain by a wraith (5 damage)
             ... on level 5 of the Dungeon.
             The game lasted 00:16:26 (7408 turns).

pokeman the Thaumaturge (Deep Elf Hedge Wizard)     Turns: 7408, Time: 00:16:27

Health: 0/44       AC:  6    Str:  7    XL:     8   Next: 38%
Magic:  2/24       EV: 12    Int: 22    God:
Gold:   301        SH:  0    Dex: 14    Spells: 19/27 levels left

rFire   . . .      SeeInvis .    e - +4 hand axe
rCold   . . .      Faith    .    (no shield)
rNeg    + . .      Spirit   .    r - +2 leather armour {rN+}
rPois   .          Reflect  .    c - +0 hat
rElec   .          Harm     .    (no cloak)
rCorr   .          Rampage  .    q - +0 pair of gloves
Will    .....                    (no boots)
Stlth   ++........               (no amulet)
HPRegen 0.27/turn                (no ring)
MPRegen 0.19/turn                (no ring)

@: on blink cooldown, very slightly contaminated, slowed, studying Throwing,
very slow
A: no striking features
a: no special abilities


You were on level 5 of the Dungeon.
You visited 1 branch of the dungeon, and saw 5 of its levels.
You also visited: Sewer and Ossuary.

You collected 301 gold pieces.

Inventory:

Hand Weapons
 e - a +4 hand axe (weapon)
Missiles
 x - a curare-tipped dart
Armour
 c - a +0 hat (worn)
 l - +0 storm dragon scales
 q - a +0 pair of gloves (worn)
 r - a +2 leather armour of positive energy (worn)
Jewellery
 s - a ring of protection from fire
Wands
 t - a wand of paralysis (2)
Scrolls
 a - a scroll of acquirement {unknown}
 f - a scroll of enchant weapon {unknown}
 g - a scroll of poison {unknown}
 h - a scroll of fog {unknown}
 i - 5 scrolls of teleportation {unknown}
 k - a scroll of silence {unknown}
 m - a scroll of blinking {unknown}
 p - 6 scrolls of identify {unknown}
 y - a scroll of magic mapping {unknown}
 A - a scroll of immolation {unknown}
 B - a scroll of fear {unknown}
 D - a scroll of brand weapon {unknown}
 F - a scroll of vulnerability {unknown}
Potions
 b - 8 potions of mutation {unknown}
 d - 2 potions of magic
 j - a potion of berserk rage {unknown}
 n - a potion of flight {unknown}
 o - 4 potions of curing {unknown}
 u - 2 potions of brilliance {unknown}
 v - a potion of resistance {unknown}
 w - 5 potions of heal wounds {unknown}
 z - a potion of haste {unknown}
 C - a potion of lignification {unknown}
 E - 2 potions of degeneration {unknown}
 G - a potion of ambrosia {unknown}


   Skills:
 - Level 2.0 Fighting
 + Level 2.9 Armour
 - Level 3.0 Dodging
 - Level 3.1 Stealth
 * Level 10.2 Spellcasting
 + Level 5.3 Conjurations
 - Level 1.1 Summonings
 - Level 1.1 Translocations
 - Level 1.0 Air Magic
 - Level 1.0 Poison Magic
 - Level 1.0 Evocations


You had 19 spell levels left.
You knew the following spells:

 Your Spells              Type           Power      Damage    Failure   Level
a - Magic Dart            Conj           100%       1d8       1%          1
b - Mephitic Cloud        Conj/Pois/Air  22%        N/A       10%         3
c - Call Imp              Summ           16%        N/A       9%          2
d - Blink                 Tloc           32%        N/A       9%          2

Your spell library contained the following spells:

 Spells                   Type           Power      Damage    Failure   Level
 Momentum Strike          Conj/Tloc      50%        3d9       3%          2
 Slow                     Hex            44%        N/A       9%          1
 Cigotuvi's Dreadful Rot  Necr/Pois/Air  28%        N/A       10%         2
 Lesser Beckoning         Tloc           32%        N/A       17%         3
 Vhi's Electric Charge    Tloc/Air       30%        N/A       17%         3
 Tukima's Dance           Hex            11%        N/A       26%         3
 Passage of Golubria      Tloc           16%        N/A       50%         4
 Arcjolt                  Conj/Air       12%        1d22      54%         5
 Yara's Violent Unravell  Hex/Tmut       5%         3d4       94%         5
 Maxwell's Capacitive Co  Air            7%         ∞         100%        8


Dungeon Overview and Level Annotations

Branches:
Dungeon (5/15)              Sewer (visited)         Ossuary (visited)
 Temple: D:4-7

Altars:


Message History

Your crimson imp hits the wraith but does no damage.
The wraith hits your crimson imp.
The wraith drains your crimson imp's vigour!
Your crimson imp seems to slow down.
Your crimson imp hits the wraith but does no damage.
The wraith closely misses your crimson imp.
The wraith completely misses your crimson imp.
Your crimson imp hits the wraith.
The wraith hits your crimson imp!
Your crimson imp hits the wraith but does no damage.
The wraith hits your crimson imp.
Your crimson imp hits the wraith but does no damage.
The wraith hits your crimson imp.
Your crimson imp dies!
Your crimson imp disappears in a puff of smoke!
Casting: Call Imp (safe; 9% risk of failure)
Confirm with . or Enter, or press ? or * to list all spells.
You miscast Call Imp.
You are very lightly contaminated with residual magic.
Nothing appears to happen.
Unknown command.
Casting: Call Imp (safe; 9% risk of failure)
Confirm with . or Enter, or press ? or * to list all spells.
You miscast Blink.
Nothing appears to happen.
The wraith hits you.
* * * LOW HITPOINT WARNING * * *
The wraith barely misses you.
Unknown command.
Casting: Blink (safe; 9% risk of failure)
Confirm with . or Enter, or press ? or * to list all spells.
You blink.
Unknown command.
Casting: Blink (safe; 9% risk of failure)
Confirm with . or Enter, or press ? or * to list all spells.
You don't have enough magic to cast this spell.
Aiming: Paralyse
Press: ? - help, Shift-Dir - straight line, f/p - wraith
Aim: a wraith (severely damaged, chance to affect: 19%)
The wraith resists with almost no effort.
The wraith hits you.
You die...

#.........#######...######...
#.........##........# #...
#.........##........######...
###########..............##.
#...##...................##.
#...##...................##.
#...#....................##.
##./.#...###W................
#...)....###@........#.......
#....................#.......
#..............##....#.......
#......#.......##....#.......
#......#.......##....#.......
#......#.......# ..#.......
#......#.......# #.......
#......#.......##### #.......
#......#.......#...# #.......


You could see a wraith.

Vanquished Creatures
  A sky beast (D:5)
  An ice beast (D:5)
  4 ogres
  A kobold brigand (Sewer)
  2 scorpions
  A necrophage (D:5)
  A hound (D:5)
  2 jellies
  An iguana (D:4)
  3 orc wizards
  12 mummies (Ossuary)
  10 adders
  A river rat (Sewer)
  8 worms
  A dart slug (D:2)
  12 orcs
  10 ball pythons
  6 endoplasms
  3 giant cockroaches
  13 goblins
  6 hobgoblins
  5 quokkas
  5 bats
  2 frilled lizards (D:1)
  3 gnoll skeletons (Ossuary)
  A goblin skeleton (Ossuary)
  14 kobolds
  4 kobold skeletons (Ossuary)
  7 rats
  11 rat skeletons (Ossuary)
151 creatures vanquished.

Vanquished Creatures (collateral kills)
  An orc (D:4)
1 creature vanquished.

Grand Total: 152 creatures vanquished

Notes
Turn   | Place    | Note
-------+----------+-------------------------------------------
     0 | D:1      | pokeman the Deep Elf Hedge Wizard began the quest for the
                  | Orb.
     0 | D:1      | Reached XP level 1. HP: 10/10 MP: 7/7
   393 | D:1      | Found a faded altar of an unknown god.
   397 | D:1      | Reached XP level 2. HP: 15/15 MP: 7/9
  1199 | D:2      | Reached skill level 5 in Spellcasting
  1607 | D:2      | Reached XP level 3. HP: 18/20 MP: 5/11
  1611 | D:2      | Learned a level 3 spell: Mephitic Cloud
  1614 | D:2      | Learned a level 2 spell: Call Imp
  1617 | D:2      | Learned a level 2 spell: Blink
  2459 | D:3      | Reached skill level 1 in Fighting
  2459 | D:3      | Reached skill level 1 in Armour
  2992 | D:3      | Reached XP level 4. HP: 25/25 MP: 8/13
  3142 | D:4      | Noticed an ogre
  3155 | D:4      | Killed an ogre
  3156 | D:4      | Reached skill level 6 in Spellcasting
  3156 | D:4      | Reached XP level 5. HP: 29/29 MP: 3/15
  3369 | D:4      | Reached skill level 1 in Air Magic
  3376 | D:4      | Reached skill level 1 in Poison Magic
  3385 | D:4      | Reached XP level 6. HP: 22/34 MP: 1/17
  3438 | D:4      | Paralysed by an orc for 4 turns
  3534 | D:4      | Found a glowing drain.
  3545 | Sewer    | Entered a sewer
  3740 | Sewer    | Reached skill level 7 in Spellcasting
  4726 | D:4      | Reached XP level 7. HP: 31/39 MP: 12/20
  4992 | D:5      | Entered Level 5 of the Dungeon
  5020 | D:5      | Reached skill level 1 in Evocations
  5036 | D:5      | Reached skill level 8 in Spellcasting
  5250 | D:5      | Noticed a wraith
  5376 | D:5      | Found a sand-covered staircase.
  5385 | Ossuary  | Entered an ossuary
  5475 | Ossuary  | Reached skill level 9 in Spellcasting
  6096 | Ossuary  | Reached XP level 8. HP: 44/44 MP: 19/23
  6415 | D:5      | Reached skill level 5 in Conjurations
  6702 | D:5      | Reached skill level 10 in Spellcasting
  7408 | D:5      | Slain by a wraith

Illustrated notes

Levels and vault maps discovered:
D:1:      ncdulo_lavacross, layout_basic, basic_ecumenical_altar, minivault_25
D:2:      layout_loops_corners, roderic_serpentine_path
D:3:      layout_rooms
D:4:      cheibrodos_greedy_goblins, layout_loops_cross,
          cheibrodos_sewer_entry_bend
D:5:      layout_basic, nicolae_ossuary_entry_plus, minmay_manual_mail

Skill      XL: |  1  2  3  4  5  6  7  8 |
---------------+-------------------------+-----
Spellcasting   | 5 6 7 9 10 | 10.2
Fighting       | 1 2 |  2.0
Armour         | 1 2 |  2.9
Conjurations   | 2 3 4 5 |  5.3
Dodging        | 3 |  3.0
Stealth        | 3 |  3.1
Air Magic      | 1 |  1.0
Poison Magic   | 1 |  1.0
Evocations     | 1 |  1.0
Summonings     | |  1.1
Translocations | |  1.1

Action                   |  1- 3 |  4- 6 |  7- 9 || total
-------------------------+-------+-------+-------++-------
Melee: Hand axe          |     4 |    58 |    95 ||   157
       Punch             |       |     1 |     2 ||     3
 Cast: Magic Dart        |   119 |   130 |   162 ||   411
       Mephitic Cloud    |       |     7 |     9 ||    16
       Call Imp          |       |     3 |     5 ||     8
       Blink             |       |     1 |    13 ||    14
Evoke: Wand              |       |       |     5 ||     5
 Stab: Confused          |       |     4 |     4 ||     8
       Sleeping          |       |     1 |     1 ||     2
Armor: Leather armour    |     8 |     6 |    35 ||    49
Dodge: Dodged            |    16 |    38 |    70 ||   124

Table legend: (Time is in decaauts)
 A = Elapsed time spent in this place.
 B = Non-inter-level travel time spent in this place.
 C = Inter-level travel time spent in this place.
 D = Time resting spent in this place.
 E = Time spent auto-exploring this place.
 F = Levels seen in this place.
 G = Mean time per level.
                   A        B        C        D        E       F      G
               +--------+--------+--------+--------+--------+-----+--------+
         Total |   7592 |   7365 |    227 |    132 |   5504 |   7 | 1084.6 |
       Dungeon |   5872 |   5645 |    227 |    132 |   4088 |   5 | 1174.4 |
         Sewer |    700 |    700 |      0 |      0 |    597 |   1 |  700.0 |
       Ossuary |   1018 |   1018 |      0 |      0 |    819 |   1 | 1018.0 |
               +--------+--------+--------+--------+--------+-----+--------+

Top non-repeatable levels by time:
     D:4: 1521 daAuts
     D:5: 1209 daAuts
     D:2: 1203 daAuts
     D:1: 1114 daAuts
 Ossuary: 1018 daAuts
     D:3: 823 daAuts
   Sewer: 700 daAuts
